 Dungeon Crawl Stone Soup version 0.25-a0-294-gea9b1ad378 (webtiles) character file.

Game seed: 10466665294925775120, levelgen mode: classic

393 Borgoz the Slasher (level 6, -3/35 HPs)
             Began as a Gargoyle Gladiator on Dec 18, 2019.
             Killed by nerve-wracking pain
             ... invoked by Grinder
              (6 damage)
             ... while paralysed by Grinder
             ... on level 3 of the Dungeon.
             The game lasted 00:04:01 (2372 turns).

Borgoz the Slasher (Gargoyle Gladiator)             Turns: 2372, Time: 00:04:02

Health: -3/35      AC: 10    Str: 17    XL:     6   Next: 81%
Magic:  6/6        EV:  2    Int:  9    God:
Gold:   141        SH:  0    Dex: 18    Spells: 5/5 levels left

rFire    . . .     SeeInvis .   a - +0 long sword
rCold    . . .     Gourm    .   (no shield)
rNeg     + . .     Faith    .   b - +0 leather armour
rPois    ∞         Spirit   .   c - +0 helmet
rElec    +         Reflect  .   (no cloak)
rCorr    .         Harm     .   u - +0 pair of gloves
MR       .....                  (no boots)
Stlth    ++........             (no amulet)
HPRegen  0.11/turn              (no ring)
MPRegen  0.10/turn              (no ring)

@: paralysed, agile, hasted
A: negative energy resistance 1, electricity resistance, unbreathing,
petrification resistance, rot immunity, AC +4
a: no special abilities


You were on level 3 of the Dungeon.
You were not hungry.

You visited 1 branch of the dungeon, and saw 3 of its levels.
You also visited: Sewer.

You collected 141 gold pieces.

Inventory:

Hand Weapons
 a - a +0 long sword (weapon)
Armour
 b - a +0 leather armour (worn)
 c - a +0 helmet (worn)
 u - a +0 pair of gloves (worn)
Scrolls
 g - 3 scrolls of magic mapping {unknown}
 i - a scroll of fear {unknown}
 k - 2 scrolls of fog {unknown}
 o - a scroll of enchant weapon {unknown}
 p - 2 scrolls of remove curse {unknown}
 q - 2 scrolls of random uselessness {unknown}
 s - a scroll of summoning {unknown}
 t - a scroll of immolation {unknown}
Potions
 j - a potion of curing
 n - a potion of degeneration
 r - a potion of mutation
Comestibles
 f - 3 rations


   Skills:
 - Level 2.1 Fighting
 * Level 5.1 Long Blades
 - Level 1.7 Throwing
 + Level 3.3 Armour
 + Level 3.6 Dodging


You had 5 spell levels left.
You didn't know any spells.
Your spell library was empty.

Dungeon Overview and Level Annotations

Branches:
Dungeon (3/15)              Sewer (visited)

Altars:
The Shining One

Annotations:
D:3 1 runed translucent door, Grinder


Innate Abilities, Weirdness & Mutations

You are resistant to torment.
Your stone body is resilient. (AC +4)
You are immune to poison.
You resist negative energy. (rN+)
You are resistant to electric shocks. (rElec)
You can survive without breathing.
You are immune to petrification.
You are immune to rotting.


Message History

Grinder gestures at you.
You suddenly lose the ability to move!
Grinder zaps a wand.
You resist with some effort. Grinder hits you but does no damage.
You can move again.
Grinder zaps a wand.
You resist with some effort. Grinder gestures at you.
You suddenly lose the ability to move!
Found a stone staircase leading down.
Grinder gestures at you.
You barely resist. Grinder gestures at you. Pain shoots through your body!
* * * LOW HITPOINT WARNING * * *
Grinder gestures at you. Pain shoots through your body!
* * * LOW HITPOINT WARNING * * *
Grinder gestures at you. Pain shoots through your body!
You die...

## .. ########### .#
>......@..# .#
.########.########.#
#.# #.5........#####
#.# #########......#
#.# #......####.#
#.# #.###..# #.#
#..# # #.#######
###.###..# .
#........ ........(#
..


You could see Grinder.

Vanquished Creatures
  A centaur (D:3)
  A crocodile (Sewer)
  A howler monkey (D:3)
  2 orc priests (D:3)
  3 adders (D:3)
  3 river rats (D:3)
  2 oozes
  3 worms (D:3)
  A dart slug (D:1)
  2 leopard geckos
  4 orcs (D:3)
  4 giant cockroaches
  6 goblins
  6 hobgoblins
  5 jackals
  9 kobolds
  A quokka (D:3)
  5 bats
  4 frilled lizards
  11 rats
74 creatures vanquished.

Notes
Turn   | Place    | Note
-------+----------+-------------------------------------------
     0 | D:1      | Borgoz the Gargoyle Gladiator began the quest for the Orb.
     0 | D:1      | Reached XP level 1. HP: 12/12 MP: 1/1
    40 | D:1      | Reached XP level 2. HP: 12/17 MP: 2/2
    71 | D:1      | Reached skill level 3 in Long Blades
   533 | D:1      | Reached skill level 1 in Armour
   699 | D:2      | Reached XP level 3. HP: 21/21 MP: 3/3
  1082 | D:3      | Reached XP level 4. HP: 26/26 MP: 4/4
  1098 | D:3      | Reached skill level 4 in Long Blades
  1108 | D:3      | Reached XP level 5. HP: 21/30 MP: 5/5
  1191 | D:3      | Found a glowing drain.
  1196 | Sewer    | Entered a sewer
  1396 | Sewer    | Noticed a crocodile
  1407 | Sewer    | Killed a crocodile
  1585 | D:3      | Reached XP level 6. HP: 24/35 MP: 6/6
  1827 | D:3      | Found a glowing golden altar of the Shining One.
  1827 | D:3      | Noticed an angel
  1828 | D:3      | Found a runed translucent door.
  2140 | D:3      | Reached skill level 5 in Long Blades
  2312 | D:3      | Noticed Grinder
  2357 | D:3      | Paralysed by Grinder for 2 turns
  2367 | D:3      | Paralysed by Grinder for 6 turns
  2372 | D:3      | Killed from afar by Grinder

Levels and vault maps discovered:
D:1:      saegor_arrival_simple_c, layout_basic, serial_glass, glass_columns_c,
          glass_columns_a, minivault_23, corexii_item_surrounded_by_moat
D:2:      layout_loops_cross
D:3:      layout_loops_ring, lightli_sewer_entry_pipes, lemuel_angel_altar,
          uniq_grinder

Skill      XL: |  1  2  3  4  5  6 |
---------------+-------------------+-----
Long Blades    | 3 4 5 |  5.1
Armour         | 1 2 3 |  3.3
Dodging        | 3 |  3.6
Fighting       | |  2.1
Throwing       | |  1.7

Action                   |  1- 3 |  4- 6 || total
-------------------------+-------+-------++-------
Melee: Long sword        |    69 |   188 ||   257
Throw: Throwing net      |     1 |     6 ||     7
  Use: Potion            |     2 |     2 ||     4
       Scroll            |       |     3 ||     3
 Stab: Held in net/web   |       |     1 ||     1
  Eat: Chunk             |     1 |     4 ||     5
Armor: Leather armour    |    36 |    66 ||   102
Dodge: Dodged            |    62 |   165 ||   227
       Rpst.: Long sword |    23 |    49 ||    72

Table legend:
 A = Non-vault XP
 B = Vault XP
 C = Vault XP percentage of total XP
 D = Non-vault monster count
 E = Vault monster count
 F = Vault count percentage of total count
                 A         B        C        D         E       F
            +---------+---------+-------+---------+---------+-------
      Total |     373 |     189 |  33.6 |      58 |      16 |  21.6
            +---------+---------+-------+---------+---------+-------
        D:1 |      26 |       0 |   0.0 |      17 |       0 |   0.0
        D:2 |      23 |       0 |   0.0 |      10 |       0 |   0.0
        D:3 |     324 |      79 |  19.6 |      31 |      10 |  24.4
      Sewer |       0 |     110 | 100.0 |       0 |       6 | 100.0
            +---------+---------+-------+---------+---------+-------
